 Dungeon Crawl Stone Soup version 0.31-a0-329-g52107efa6a (webtiles) character file.

Game seed: 918062039645933839

10 BritishOli the Trooper (level 2, 0/24 HPs)
             Began as a Demonspawn Fighter on July 19, 2023.
             Slain by a kobold
             ... wielding a +0 whip
              (5 damage)
             ... on level 1 of the Dungeon.
             The game lasted 00:00:13 (143 turns).

BritishOli the Trooper (Demonspawn Fighter)          Turns: 143, Time: 00:00:13

Health: 0/24       AC:  6    Str: 16    XL:     2   Next: 10%
Magic:  2/2        EV:  8    Int:  9    God:
Gold:   1          SH:  4    Dex: 12    Spells: 1/1 levels left

rFire   . . .        a - +0 long sword
rCold   . . .        c - +0 buckler
rNeg    . . .        b - +0 scale mail
rPois   .            (no helmet)
rElec   .            (no cloak)
rCorr   .            (no gloves)
SInv    .            (no boots)
Will    .....        (no amulet) Stlth
                     (no ring)
HPRegen 0.24/turn    (no ring)
MPRegen 0.08/turn

%: no passive effects
@: no status effects
A: powered by pain 1
a: no special abilities


You were on level 1 of the Dungeon.
You visited 1 branch of the dungeon, and saw 1 of its levels.

You collected 1 gold pieces.

Inventory:

Hand Weapons
 a - a +0 long sword (weapon)
Armour
 b - a +0 scale mail (worn)
 c - a +0 buckler (worn)
Scrolls
 e - a scroll of teleportation {unknown}
Potions
 d - a potion of might


   Skills:
 + Level 3.1 Fighting
 + Level 2.0 Long Blades
 + Level 2.8 Armour
 + Level 2.8 Shields


You had one spell level left.
You didn't know any spells.
Your spell library was empty.

Dungeon Overview and Level Annotations

Branches:
Dungeon (1/15)

Altars:


Innate Abilities, Weirdness & Mutations

You sometimes gain a little power by taking damage.


Message History

There are monsters nearby!
You closely miss the kobold. You block the kobold's attack.
A hobgoblin comes into view.
The kobold closely misses you.
There are monsters nearby!
You barely miss the kobold. You block the kobold's attack.
There are monsters nearby!
There are monsters nearby!
You hit the endoplasm.
The endoplasm is moderately wounded.
The kobold hits you with a +0 whip.
The endoplasm hits you but does no damage.
There are monsters nearby!
You slash the endoplasm!
You kill the endoplasm!
The kobold hits you with a +0 whip. The kobold barely misses you.
You closely miss the kobold. The kobold hits you but does no damage.
There are monsters nearby!
There are monsters nearby!
You closely miss the hobgoblin. The kobold barely misses you.
The hobgoblin hits you but does no damage.
You block the kobold's attack. The hobgoblin hits you.
The hobgoblin hits you but does no damage.
The kobold hits you with a +0 whip. The hobgoblin hits you.
The kobold barely misses you. The kobold hits you with a +0 whip.
You block the hobgoblin's attack. You block the kobold's attack.
The hobgoblin hits you but does no damage.
The kobold hits you but does no damage. The hobgoblin hits you.
The hobgoblin closely misses you. You block the kobold's attack.
The hobgoblin barely misses you. You block the kobold's attack.
The kobold hits you but does no damage. The hobgoblin hits you.
The kobold hits you with a +0 whip.
* * * LOW HITPOINT WARNING * * *
The hobgoblin barely misses you. The kobold closely misses you.
You block the hobgoblin's attack.
The hobgoblin hits you but does no damage.
The kobold barely misses you. The hobgoblin barely misses you.
The kobold hits you with a +0 whip.
You die...

...######## #+#.# .#
.#.........
#.#.##.#............
#.#.##.#..#.###.....
.####.......# #.###..##.
............. #.#.......
..........#.###.#.....#.
......gK?.#.#...........
#@###.#.#.#..[..#.
#..†....#.#.##.##.
.......#####.#.#.##.#
#....... ....#.##.#
........ .....#.# .. .
#.####.#####.#.#.# . #
#.# #.#.#.# #.# #.#.# #.
#.# #


You could see a hobgoblin and a kobold.

Vanquished Creatures
  A ball python (D:1)
  An endoplasm (D:1)
  2 goblins (D:1)
  3 hobgoblins (D:1)
  A rat (D:1)
8 creatures vanquished.

Notes
Turn   | Place    | Note
-------+----------+-------------------------------------------
     0 | D:1      | BritishOli the Demonspawn Fighter began the quest for the
                  | Orb.
     0 | D:1      | Reached XP level 1. HP: 18/18 MP: 1/1
   109 | D:1      | Gained mutation: You sometimes gain a little power by
                  | taking damage. [demonic ancestry]
   109 | D:1      | Reached XP level 2. HP: 21/24 MP: 2/2
   143 | D:1      | Slain by a kobold

Illustrated notes

Levels and vault maps discovered:
D:1:      zaba_arrival_water, layout_basic, serial_shops, shop, st_stairs_9

Skill      XL: |  1 |
---------------+----+-----
Long Blades    | 2 |  2.0
Fighting       | |  3.1
Armour         | |  2.8
Shields        | |  2.8

Action                     || total
---------------------------++-------
  Melee: Long sword        ||    35
 Armour: Scale mail        ||    19
  Dodge: Dodged            ||    20
  Block: Buckler           ||    19

Table legend: (Time is in decaauts)
 A = Elapsed time spent in this place.
 B = Non-inter-level travel time spent in this place.
 C = Inter-level travel time spent in this place.
 D = Time resting spent in this place.
 E = Time spent auto-exploring this place.
 F = Levels seen in this place.
 G = Mean time per level.
                   A        B        C        D        E       F      G
               +--------+--------+--------+--------+--------+-----+--------+
         Total |    161 |    161 |      0 |      0 |     80 |   1 |  161.0 |
       Dungeon |    161 |    161 |      0 |      0 |     80 |   1 |  161.0 |
               +--------+--------+--------+--------+--------+-----+--------+

Top non-repeatable levels by time:
     D:1: 161 daAuts
